 Dungeon Crawl Stone Soup version 0.29.1-2-gbd0b4ee654 (webtiles) character file.

Game seed: 18252010948569377905

84 xian the Trooper (level 4, -1/49 HPs)
             Began as an Ogre Abyssal Knight on Nov 27, 2022.
             Was a Believer of Lugonu.
             Succumbed to Robin's poison
             ... on level 2 of the Dungeon.
             The game lasted 00:03:54 (2217 turns).

xian the Trooper (Ogre Abyssal Knight)              Turns: 2217, Time: 00:03:54

Health: -1/49      AC:  3    Str: 19    XL:     4   Next: 45%
Magic:  5/5        EV: 14    Int: 17    God:    Lugonu [**....]
Gold:   75         SH:  0    Dex:  9    Spells: 3/3 levels left

rFire   . . .      SeeInvis .   m - +0 hand axe (drain)
rCold   . . .      Faith    .   (no shield)
rNeg    . . .      Spirit   .   b - +0 robe
rPois   .          Reflect  .   (helmet restricted)
rElec   .          Harm     .   l - scarf {repulsion}
rCorr   .          Rampage  .   (gloves unavailable)
Will    .....                   (boots unavailable)
Stlth   +.........              (no amulet)
HPRegen 0.16/turn               c - +6 ring of intelligence
MPRegen 0.09/turn               e - +4 ring of evasion

@: lethally poisoned (-1 -> -13), repel missiles
A: large, unfitting armour, tough skin 1
a: Renounce Religion, Depart the Abyss, Bend Space


You were on level 2 of the Dungeon.
You worshipped Lugonu.
Lugonu was pleased with you.
You visited 1 branch of the dungeon, and saw 2 of its levels.
You visited the Abyss 1 time.

You collected 75 gold pieces.

Inventory:

Hand Weapons
 f - a +0 hand crossbow
 m - a +0 hand axe of draining (weapon)
Missiles
 a - 4 stones
 j - 3 boomerangs (quivered)
Armour
 b - a +0 robe (worn)
 l - a scarf of repulsion (worn)
Jewellery
 c - a +6 ring of intelligence (left hand)
 e - a +4 ring of evasion (right hand)
Scrolls
 h - a scroll of identify {unknown}
 k - a scroll of enchant armour {unknown}
Potions
 d - a potion of curing
 g - a potion of lignification {unknown}
 i - a potion of heal wounds {unknown}


   Skills:
 + Level 4.8 Fighting
 + Level 2.8 Axes
 + Level 0.8 Throwing
 + Level 2.9 Dodging
 + Level 0.4 Stealth
 * Level 2.3 Invocations


You had 3 spell levels left.
You didn't know any spells.
Your spell library contained the following spells:

 Spells                   Type           Power      Damage    Failure   Level
 Sandblast                Erth           0%         2d4       24%         1
 Hailstorm                Conj/Ice       0%         3d3       93%         4
 Ice Form                 Ice/Tmut       0%         N/A       93%         4
 Simulacrum               Ice/Necr       0%         N/A       100%        6


Dungeon Overview and Level Annotations

Branches:
Dungeon (2/15)

Altars:


Innate Abilities, Weirdness & Mutations

You are too large for most types of armour.
You have tough skin. (AC +1)


Message History

Lugonu accepts your kill.
You closely miss the goblin. The goblin misses you.
You hit the goblin. You drain the goblin.
You kill the goblin!
Lugonu accepts your kill.
You slash the hobgoblin!
You kill the hobgoblin!
Lugonu accepts your kill. Robin hits you with a +2 mace of venom!
You are poisoned.
There is a stone staircase leading up, spattered with blood here.
Things that are here:
a +0 dagger; a +0 club; a +0 sling You hit Robin.
Robin is lightly wounded.
You feel very sick. Robin hits you but does no damage.
You are more poisoned.
You hit Robin. You drain Robin.
Robin is heavily wounded.
You feel very sick. Robin closely misses you.
You hit Robin. You drain Robin.
Robin is almost dead.
You feel very sick. Robin misses you. Robin hits you with a +2 mace of venom.
You are lethally poisoned!
You slash Robin!
You kill Robin!
Lugonu accepts your kill.
* * * LOW HITPOINT WARNING * * *
You feel extremely sick.
You feel your intelligence returning.
* * * LOW HITPOINT WARNING * * *
You feel very sick.
Items here: ! )) [[ †.
* * * LOW HITPOINT WARNING * * *
You feel very sick.
You see here a +0 dagger.
You die...

###################.#
..[...........##....####
..........###...........
#########.# ####.#######
#.# #)# #.# #<# #.# #)#
#.# #)# #.# #@# .# #.#
..# ####


There were no monsters in sight!

Vanquished Creatures
  Robin (D:2)
  3 adders (D:2)
  2 dart slugs (D:1)
  3 ball pythons (D:1)
  2 endoplasms
  7 goblins
  4 hobgoblins (D:2)
  2 jackals (D:2)
  3 quokkas (D:1)
  4 bats
  A frilled lizard (D:1)
  7 kobolds
  A rat (D:2)
40 creatures vanquished.

Vanquished Creatures (others)
  4 fungi (D:2)
  A plant (D:2)
5 creatures vanquished.

Grand Total: 45 creatures vanquished

Notes
Turn   | Place    | Note
-------+----------+-------------------------------------------
     0 | Abyss:1  | xian the Ogre Abyssal Knight began the quest for the Orb.
     0 | Abyss:1  | Reached XP level 1. HP: 24/24 MP: 2/2
     9 | Abyss:1  | Found a corrupted altar of Lugonu.
    28 | Abyss:1  | Noticed a large abomination
    40 | Abyss:1  | Noticed a glowing orange brain
    43 | Abyss:1  | Noticed a thrashing horror
    45 | D:1      | Escaped the Abyss
   155 | D:1      | Reached ** piety under Lugonu
   330 | D:1      | Reached XP level 2. HP: 28/32 MP: 3/3
  1241 | D:2      | Reached XP level 3. HP: 22/40 MP: 4/4
  1416 | D:2      | Found a faded altar of an unknown god.
  1434 | D:2      | Got Plato's Spellbook of Earth
  1461 | D:2      | HP: 2/40 [poisoned by an adder]
  1982 | D:2      | Reached XP level 4. HP: 49/49 MP: 5/5
  2192 | D:2      | Noticed Robin
  2214 | D:2      | Killed Robin
  2216 | D:2      | HP: 2/49 [poisoned by Robin]
  2217 | D:2      | Succumbed to Robin's poison

Illustrated notes

Levels and vault maps discovered:
D:1:      scummos_arrival_gate, layout_basic
D:2:      layout_loops_ring, shapermc_ecumenical_altar_rom_forum,
          uniq_crazy_yiuf_cottage, uniq_robin

Action                   |  1- 3 |  4- 6 || total
-------------------------+-------+-------++-------
Melee: Hand axe          |    83 |    22 ||   105
       Punch             |       |     1 ||     1
Throw: Stone             |    39 |       ||    39
       Boomerang         |     8 |     5 ||    13
Invok: Depart the Abyss  |     1 |       ||     1
  Use: Potion            |     2 |       ||     2
 Stab: Sleeping          |     1 |       ||     1
Armor: Robe              |    45 |     2 ||    47
Dodge: Dodged            |   110 |    14 ||   124
